 Dungeon Crawl Stone Soup version 0.29-a0-284-gf9362112df (webtiles) character file.

Game seed: 2038033646099777819

48 brightshaft the Slasher (level 3, 0/28 HPs)
             Began as a Merfolk Gladiator on Mar 16, 2022.
             Succumbed to an adder's poison
             ... on level 2 of the Dungeon.
             The game lasted 00:01:48 (1468 turns).

brightshaft the Slasher (Merfolk Gladiator)         Turns: 1468, Time: 00:01:48

Health: 0/28       AC:  5    Str: 14    XL:     3   Next: 72%
Magic:  3/3        EV: 13    Int:  7    God:
Gold:   82         SH:  0    Dex: 17    Spells: 2/2 levels left

rFire   . . .      SeeInvis .   a - +0 long sword
rCold   . . .      Faith    .   (no shield)
rNeg    . . .      Spirit   .   b - +0 leather armour
rPois   .          Reflect  .   c - +0 helmet
rElec   .          Harm     .   (no cloak)
rCorr   .          Rampage  .   h - +0 pair of gloves
Will    .....                   (no boots)
Stlth   +.........              (no amulet)
HPRegen 0.09/turn               (no ring)
MPRegen 0.08/turn               (no ring)

@: lethally poisoned (0 -> -2)
A: (nimble swimmer 2), mertail
a: no special abilities


You were on level 2 of the Dungeon.
You visited 1 branch of the dungeon, and saw 2 of its levels.

You collected 82 gold pieces.

Inventory:

Hand Weapons
 a - a +0 long sword (weapon)
Missiles
 d - 3 throwing nets (quivered)
 e - a javelin
Armour
 b - a +0 leather armour (worn)
 c - a +0 helmet (worn)
 h - a +0 pair of gloves (worn)
Scrolls
 f - a scroll of identify {unknown}
 g - a scroll of holy word {unknown}
 j - a scroll of amnesia {unknown}
Potions
 i - 2 potions of resistance {unknown}
 k - a potion of curing {unknown}


   Skills:
 + Level 2.8 Fighting
 * Level 4.7 Long Blades
 - Level 2.0 Throwing
 + Level 4.5 Dodging


You had 2 spell levels left.
You didn't know any spells.
Your spell library was empty.

Dungeon Overview and Level Annotations

Branches:
Dungeon (2/15)

Altars:
Wu Jian


Innate Abilities, Weirdness & Mutations

((You are very nimble when in or above water. (Stealth+, EV+, Speed+++)))
Your lower body shifts to a powerful aquatic tail in water.


Message History

You barely miss the adder.
The adder is lightly wounded.
The adder bites you.
You are poisoned.
The adder poisons you! The quokka misses you. The adder bites you.
You closely miss the adder.
The adder is lightly wounded.
You feel sick. The quokka bites you. The adder bites you.
You are more poisoned.
The adder poisons you!
You hit the adder.
The adder is severely wounded.
You feel very sick. The quokka barely misses you.
The adder bites you but does no damage.
The quokka bites you but does no damage.
The adder bites you but does no damage.
You are too injured to fight recklessly!
You are too injured to fight recklessly!
You are too injured to fight recklessly!
You are too injured to fight recklessly!
You are too injured to fight recklessly!
You barely miss the adder.
The adder is severely wounded.
You feel very sick.
The quokka bites you but does no damage.
The adder bites you.
You hit the adder.
You kill the adder!
You feel sick.
The quokka bites you but does no damage.
The quokka bites you.
* * * LOW HITPOINT WARNING * * *
* * * LOW HITPOINT WARNING * * *
You feel sick. The quokka closely misses you.
You barely miss the quokka.
* * * LOW HITPOINT WARNING * * *
You feel sick.
The quokka bites you but does no damage.
You barely miss the quokka. You punch the quokka, but do no damage.
You die...

#........#
#........#
#.........
#......).#
+........#
#........#
#........#
#......@.#
#.?...r..##
$.........#
..........#####
.#............#
#............#
#............#
###
#.(..........#
..#
#............#
#.......


You could see a quokka.

Vanquished Creatures
  2 adders (D:2)
  2 dart slugs (D:1)
  3 endoplasms
  3 hobgoblins
  2 kobolds
  A quokka (D:2)
  5 ball pythons
  5 bats (D:1)
  A frilled lizard (D:1)
  2 goblins (D:1)
  A rat (D:1)
27 creatures vanquished.

Notes
Turn   | Place    | Note
-------+----------+-------------------------------------------
     0 | D:1      | brightshaft the Merfolk Gladiator began the quest for the
                  | Orb.
     0 | D:1      | Reached XP level 1. HP: 16/16 MP: 1/1
   369 | D:1      | Reached XP level 2. HP: 23/23 MP: 2/2
   671 | D:1      | Found a faded altar of an unknown god.
  1005 | D:1      | Reached XP level 3. HP: 28/28 MP: 3/3
  1406 | D:2      | Found an ornate altar of the Wu Jian Council.
  1467 | D:2      | HP: 1/28 [poisoned by an adder]
  1468 | D:2      | Succumbed to an adder's poison

Illustrated notes

Levels and vault maps discovered:
D:1:      onia_arrival_pyramid, layout_loops_corners,
          nicolae_ecumenical_lake_church, nrook_campfire, feat_on_display
D:2:      layout_basic, basic_altar, minmay_misc_feat_columns,
          due_unseen_surprise

Skill      XL: |  1  2 |
---------------+-------+-----
Long Blades    | 4 |  4.7
Fighting       | |  2.8
Throwing       | |  2.0
Dodging        | |  4.5

Action                   || total
-------------------------++-------
Melee: Long sword        ||    74
       Punch             ||     2
 Stab: Sleeping          ||     1
Armor: Leather armour    ||    25
Dodge: Dodged            ||    48

Table legend: (Time is in decaauts)
 A = Elapsed time spent in this place.
 B = Non-inter-level travel time spent in this place.
 C = Inter-level travel time spent in this place.
 D = Time resting spent in this place.
 E = Time spent auto-exploring this place.
 F = Levels seen in this place.
 G = Mean time per level.
                   A        B        C        D        E       F      G
               +--------+--------+--------+--------+--------+-----+--------+
         Total |   1468 |   1441 |     27 |      0 |   1234 |   2 |  734.0 |
       Dungeon |   1468 |   1441 |     27 |      0 |   1234 |   2 |  734.0 |
               +--------+--------+--------+--------+--------+-----+--------+

Top non-repeatable levels by time:
     D:1: 1038 daAuts
     D:2: 429 daAuts
